 Dungeon Crawl Stone Soup version 0.29-a0-362-g5854e031c7 (webtiles) character file.

Game seed: 16062109002441316465

8 Enlil the Sneak (level 2, 0/19 HPs)
             Began as a Vampire Enchanter on Apr 29, 2022.
             Slain by a hobgoblin (2 damage)
             ... on level 1 of the Dungeon.
             The game lasted 00:00:58 (261 turns).

Enlil the Sneak (Vampire Enchanter)                  Turns: 261, Time: 00:00:59

Health: 0/19       AC:  2    Str:  7    XL:     2   Next: 0%
Magic:  5/5        EV: 12    Int: 17    God:
Gold:   8          SH:  0    Dex: 14    Spells: 5/5 levels left

rFire   + . .      SeeInvis +   a - +1 dagger
rCold   + . .      Faith    .   (no shield)
rNeg    . . .      Spirit   .   b - +0 robe
rPois   +          Reflect  .   (no helmet)
rElec   +          Harm     .   (no cloak)
rCorr   +          Rampage  .   (no gloves)
Will    .....                   (no boots)
Stlth   +++.......              (no amulet)
HPRegen 0.26/turn               (no ring)
MPRegen 0.09/turn               (no ring)

@: resistant, healing quickly, invisible
A: alive, fangs 3, see invisible, vampiric 1
a: Exsanguinate


You were on level 1 of the Dungeon.
You visited 1 branch of the dungeon, and saw 1 of its levels.

You collected 8 gold pieces.

Inventory:

Hand Weapons
 a - a +1 dagger (weapon)
Armour
 b - a +0 robe (worn)
Jewellery
 h - a +6 ring of intelligence
Scrolls
 d - 2 scrolls of identify {unknown}
 f - a scroll of fog {unknown}
 g - a scroll of magic mapping {unknown}
Potions
 c - a potion of invisibility


   Skills:
 + Level 1.3 Short Blades
 + Level 2.3 Dodging
 + Level 4.6 Stealth
 + Level 2.1 Spellcasting
 + Level 4.5 Hexes


You had 5 spell levels left.
You didn't know any spells.
Your spell library contained the following spells:

 Spells                   Type           Power      Damage    Failure   Level
 Confusing Touch          Hex            17%        N/A       9%          3
 Tukima's Dance           Hex            17%        N/A       9%          3
 Ensorcelled Hibernation  Hex/Ice        18%        N/A       12%         2
 Dazzling Flash           Conj/Hex       18%        N/A       22%         3


Dungeon Overview and Level Annotations

Branches:
Dungeon (1/15)

Altars:


Innate Abilities, Weirdness & Mutations

Your natural rate of healing is accelerated.
You have razor-sharp teeth.
You have supernaturally acute eyesight. (SInv)
You are afflicted with vampirism.


Message History

You see here a +6 ring of intelligence.
h - a +6 ring of intelligence You hit the hobgoblin but do no damage.
Your bite misses the hobgoblin. The hobgoblin barely misses you.
You closely miss the hobgoblin. The hobgoblin closely misses you.
You barely miss the hobgoblin. The hobgoblin closely misses you.
You hit the hobgoblin.
The hobgoblin is heavily wounded.
The hobgoblin closely misses you.
You hit the hobgoblin but do no damage. You punch the hobgoblin.
The hobgoblin is severely wounded.
The hobgoblin hits you.
You closely miss the hobgoblin.
The hobgoblin is severely wounded.
The hobgoblin hits you.
You barely miss the hobgoblin.
The hobgoblin is severely wounded.
The hobgoblin closely misses you.
You hit the hobgoblin but do no damage.
The hobgoblin is severely wounded.
The hobgoblin hits you.
You are too injured to fight recklessly!
You are too injured to fight recklessly!
You hit the hobgoblin. Your bite misses the hobgoblin.
The hobgoblin is severely wounded.
The hobgoblin hits you.
* * * LOW HITPOINT WARNING * * *
You closely miss the hobgoblin.
The hobgoblin is severely wounded.
The hobgoblin hits you.
* * * LOW HITPOINT WARNING * * *
Okay, then.
You are too injured to fight recklessly!
Okay, then.
It was a potion of resistance.
You feel protected.
The hobgoblin hits you but does no damage.
You fade into invisibility!
The hobgoblin hits you.
You die...

. ..................##..#..###.
##.####...###.........###...####.
.....##...###.#....#..# ###.# #..
.........##....###.#..# #.# #.#
...................##.#####.###.#
.........##....###.##.##.'...#...
#...#.#.##....# #.##.#.###....##
#.............###....#.#####.##
##...#.#.)####.g@####.##.# #.#
............##†#.# #.##.# #.#
###..##..##....#.# #.#.## ##.
#....###.##$⌠(##.# #.#'########
.....# #.#....##.# #...........
###.## ..#.##..... #...........
#.. .... ###... #........... ###
### ... ############


You could see a hobgoblin (can't see you).

Vanquished Creatures
  An endoplasm (D:1)
  A giant cockroach (D:1)
  2 hobgoblins (D:1)
  2 kobolds (D:1)
  A bat (D:1)
7 creatures vanquished.

Notes
Turn   | Place    | Note
-------+----------+-------------------------------------------
     0 | D:1      | Enlil the Vampire Enchanter began the quest for the Orb.
     0 | D:1      | Reached XP level 1. HP: 13/13 MP: 3/3
   247 | D:1      | Reached XP level 2. HP: 13/19 MP: 5/5
   261 | D:1      | Slain by a hobgoblin

Illustrated notes

Levels and vault maps discovered:
D:1:      dpeg_arrival_round_a, layout_basic, basic_ecumenical_altar,
          minmay_hexomino_p4

Action                   || total
-------------------------++-------
Melee: Dagger            ||    36
       Bite              ||     5
       Punch             ||     1
  Use: Potion            ||     2
 Stab: Sleeping          ||     2
Armor: Robe              ||     7
Dodge: Dodged            ||    15

Table legend: (Time is in decaauts)
 A = Elapsed time spent in this place.
 B = Non-inter-level travel time spent in this place.
 C = Inter-level travel time spent in this place.
 D = Time resting spent in this place.
 E = Time spent auto-exploring this place.
 F = Levels seen in this place.
 G = Mean time per level.
                   A        B        C        D        E       F      G
               +--------+--------+--------+--------+--------+-----+--------+
         Total |    259 |    259 |      0 |     16 |    167 |   1 |  259.0 |
       Dungeon |    259 |    259 |      0 |     16 |    167 |   1 |  259.0 |
               +--------+--------+--------+--------+--------+-----+--------+

Top non-repeatable levels by time:
     D:1: 259 daAuts
